 Dungeon Crawl Stone Soup version 0.18.1-48-g4cf74bf (webtiles) character file.

1454 Pierrem the Shield-Bearer (level 8, -3/49 HPs)
             Began as a Gargoyle Fighter on Aug 8, 2016.
             Was a Follower of Ashenzari.
             Killed from afar by a starcursed mass (6 damage)
             ... with an accursed screaming
             ... on level 2 of the Abyss.
             The game lasted 00:29:46 (7036 turns).

Pierrem the Shield-Bearer (Gargoyle Fighter)        Turns: 7036, Time: 00:29:46

Health: -3/49      AC: 15    Str: 23    XL:     8   Next: 76%
Magic:  8/8        EV:  9    Int:  8    God:    Ashenzari [*.....]
Gold:   212        SH: 10    Dex:  9    Spells: 0 memorised, 7 levels left

rFire  . . .     SeeInvis +     k - +0 trident
rCold  . . .     Gourm    .     b - +0 scale mail
rNeg   + . .     Faith    .     c - +0 shield
rPois  ∞         Spirit   .     h - +0 helmet
rElec  +         Dismiss  .     (no cloak)
rCorr  .         Reflect  .     (no gloves)
SustAt .         Harm     .     K - +0 pair of boots
MR     .....                    (no amulet)
Stlth  ..........               j - ring of see invisible
                                i - ring of loudness (curse)

@: not resistant to hostile enchantments, extremely unstealthy
A: negative energy resistance 1, electricity resistance, unbreathing,
petrification resistance, rot immunity, AC +5
a: Curse Item, Scrying, Renounce Religion


You were on level 2 of the Abyss.
You worshipped Ashenzari.
Ashenzari was aware of your devotion.
You were full.

You visited 1 branch of the dungeon, and saw 8 of its levels.
You visited the Abyss 1 time.

You collected 212 gold pieces.

Inventory:

Hand Weapons
 a - a +0 war axe
 e - a +0 falchion
 g - a +0 whip
 k - a +0 trident (weapon)
 p - a +0 mace
 r - a +0 scythe
Armour
 b - a +0 scale mail (worn)
 c - a +0 shield (worn)
 h - a +0 helmet (worn)
 s - a +1 robe of cold resistance
 K - a +0 pair of boots (worn)
Jewellery
 i - a cursed ring of loudness (left hand)
 j - a ring of see invisible (right hand)
 o - a cursed amulet of dismissal
 u - an uncursed ring of fire
 E - an uncursed ring of poison resistance
 F - an uncursed ring of ice
Wands
 H - a wand of iceblast (6/15)
 I - a wand of disintegration (4/24)
 M - a wand of heal wounds (0/9)
Scrolls
 l - a scroll of immolation {unknown}
 n - 3 scrolls of identify
 t - a scroll of teleportation {unknown}
 x - 2 scrolls of enchant weapon {unknown}
 y - a scroll of magic mapping {unknown}
 z - a scroll of fear {unknown}
 B - a scroll of recharging {unknown}
 C - 2 scrolls of amnesia
 L - a scroll of enchant armour {unknown}
Potions
 d - a potion of might
 q - 3 potions of curing
 v - a potion of degeneration {unknown}
 w - a potion of heal wounds {unknown}
 A - a potion of berserk rage {unknown}
 G - a potion of agility
 J - a potion of mutation {unknown}
Comestibles
 f - 3 bread rations
 m - 4 meat rations
 D - 2 beef jerkies


   Skills:
 + Level 5.2 Fighting
 + Level 2.5(3.1) Axes
 + Level 2.5(3.1) Polearms
 + Level 6.7 Armour
 + Level 3.5 Dodging
 + Level 0.2 Stealth
 + Level 7.0 Shields
 + Level 0.3 Evocations


You had 7 spell levels left.
You didn't know any spells.

Dungeon Overview and Level Annotations

Branches:
Dungeon (8/15)
 Temple: D:4-7         Lair: D:8-11

Altars:
Ashenzari
Makhleb
Okawaru
Sif Muna
Trog
The Shining One

Annotations:
D:7 Ferkelamun's ghost, novice FoFi
D:8 Joseph


Innate Abilities, Weirdness & Mutations

You are resistant to torment.
Your stone body is resilient (AC +5).
You are immune to poison.
You resist negative energy.
You are resistant to electric shocks.
You can survive without breathing.
You are immune to petrification.
You are immune to rotting.


Message History

A starcursed mass splits.
A starcursed mass splits.
A chorus of shrieks assaults your mind.
* * * LOW HITPOINT WARNING * * *
A starcursed mass splits. x3
A starcursed mass comes into view.
A chorus of shrieks assaults your mind.
* * * LOW HITPOINT WARNING * * *
A starcursed mass splits.
A starcursed mass splits.
A starcursed mass splits.
A starcursed mass splits.
A chorus of shrieks assaults your mind.
* * * LOW HITPOINT WARNING * * *
A starcursed mass splits.
Found 27 bolts.
A starcursed mass splits. x2
A starcursed mass splits.
A cacophony of accursed wailing tears at your sanity!
You die...

#.#. ### .......
...#.. . ##
....# .. # .#
.#.### .#. .
(#.####....#....
.#
..#..........# #
# # ..##.@#...#
..#
#...##X...#..#
### ##
##.X......# .
#X..#
#...X##.##.# #.
#...X#.X..#..#
.# #.
##..X.XX.§##..#
..
..X##..X##...#.
### . ..XX##.
.X.##.#
..#..#.#### ...


You could see 9 starcursed masses and a large abomination.

Vanquished Creatures
  Sigmund (D:3)
  An ice beast (D:5)
  2 black bears
  An ogre (D:5)
  A big kobold (D:5)
  2 giant frogs
  A scorpion (D:8)
  4 killer bees (D:8)
  A crimson imp (D:6)
  A giant frog zombie (D:8)
  An orc priest (D:3)
  3 hounds
  An iguana (D:6)
  5 worker ants
  A hound zombie (D:5)
  Robin (D:2)
  6 adders
  3 gnolls (D:3)
  A shadow imp (D:5)
  A worm (D:5)
  A dart slug (D:1)
  5 giant geckos
  6 orcs
  5 bats
  3 giant cockroaches
  9 goblins
  4 hobgoblins
  2 jackals (D:2)
  8 kobolds
  A quokka (D:1)
  A ball python (D:2)
  4 giant newts
  2 jackal skeletons
  6 rats
  A bush (D:5)
  A plant (D:5)
97 creatures vanquished.

Vanquished Creatures (others)
  An adder (D:6)
  2 orcs (D:6)
  A quokka (D:6)
  A plant (D:5)
5 creatures vanquished.

Grand Total: 102 creatures vanquished

Notes
Turn   | Place    | Note
--------------------------------------------------------------
     0 | D:1      | Pierrem the Gargoyle Fighter began the quest for the Orb.
     0 | D:1      | Reached XP level 1. HP: 14/14 MP: 1/1
   350 | D:1      | Reached XP level 2. HP: 19/19 MP: 2/2
   616 | D:2      | Noticed Robin
   677 | D:2      | Killed Robin
   677 | D:2      | Reached XP level 3. HP: 11/23 MP: 3/3
  1463 | D:3      | Reached skill level 4 in Shields
  1463 | D:3      | Reached XP level 4. HP: 19/29 MP: 4/4
  1612 | D:3      | Found a shattered altar of Ashenzari.
  1636 | D:3      | Became a worshipper of Ashenzari the Shackled
  1991 | D:3      | Paralysed by fainting for 7 turns
  2012 | D:4      | Paralysed by fainting for 6 turns
  2484 | D:3      | Reached skill level 1 in Dodging
  2489 | D:3      | Reached XP level 5. HP: 31/33 MP: 5/5
  2589 | D:3      | Noticed Sigmund
  2619 | D:3      | Killed Sigmund
  2619 | D:3      | Reached skill level 5 in Armour
  2619 | D:3      | Reached XP level 6. HP: 27/38 MP: 6/6
  3398 | D:4      | Found an iron altar of Okawaru.
  3529 | D:4      | Found a burning altar of Makhleb.
  3702 | D:4      | Reached skill level 5 in Shields
  3793 | D:4      | Reached * piety under Ashenzari
  3807 | D:4      | Found a deep blue altar of Sif Muna.
  4445 | D:5      | Entered Level 5 of the Dungeon
  4482 | D:5      | Reached skill level 1 in Polearms
  4482 | D:5      | Reached XP level 7. HP: 41/43 MP: 7/7
  5648 | D:6      | Reached skill level 6 in Shields
  5661 | D:6      | Reached XP level 8. HP: 30/48 MP: 8/8
  5988 | D:6      | Found a glowing golden altar of the Shining One.
  6273 | D:7      | Reached skill level 5 in Fighting
  6314 | D:7      | Noticed Ferkelamun's ghost (novice FoFi)
  6497 | D:7      | HP: 2/49 [Ferkelamun's ghost (6)]
  6527 | D:8      | Paralysed by fainting for 7 turns
  6923 | D:8      | Noticed Joseph
  6923 | D:8      | Found a bloodstained altar of Trog.
  6952 | D:8      | Reached skill level 7 in Shields
  6955 | D:8      | Cast into level 2 of the Abyss (Joseph)
  6986 | Abyss:2  | Noticed a starcursed mass
  7007 | Abyss:2  | Found an oddly glowing altar of Pakellas.
  7026 | Abyss:2  | Noticed a starcursed mass
  7031 | Abyss:2  | HP: 2/49 [starcursed mass/accursed screaming (6)]
  7036 | Abyss:2  | Killed from afar by a starcursed mass

Skill      XL: |  1  2  3  4  5  6  7  8 |
---------------+-------------------------+-----
Axes           | 2 |  2.5
Armour         | 4 5 6 |  6.7
Shields        | 4 5 6 7 |  7.0
Dodging        | 1 2 3 |  3.5
Fighting       | 4 5 |  5.2
Polearms       | 1 2 |  2.5
Stealth        | |  0.2
Evocations     | |  0.3

Action                   |  1- 3 |  4- 6 |  7- 9 || total
-------------------------+-------+-------+-------++-------
Melee: War axe           |   103 |    37 |       ||   140
       Trident           |       |   142 |   476 ||   618
Invok: Curse Item        |       |     1 |       ||     1
       Scrying           |       |     1 |       ||     1
Evoke: Wand              |       |       |     7 ||     7
  Use: Scroll            |     3 |       |       ||     3
       Potion            |     2 |       |       ||     2
  Eat: Chunk             |       |     1 |     2 ||     3
       Bread ration      |       |     1 |     3 ||     4
       Meat ration       |       |     1 |       ||     1
Armor: Scale mail        |    62 |   136 |   262 ||   460
Dodge: Dodged            |    38 |    78 |   191 ||   307
Block: Shield            |    62 |   136 |   302 ||   500
